 Adventure DCSS version bcrawl-1.32 (webtiles) character file.

Game seed: 10834829504186295154

135500 Leeroy the Carver (level 5, 30/30 HPs)
             Began as a Skeleton Skald on Aug 4, 2021.
             Quit the game on level 4 of the Dungeon.
             The game lasted 00:04:21 (3099 turns).

Leeroy the Carver (Skeleton Skald)                  Turns: 3099, Time: 00:04:21

Health: 30/30      AC:  7    Str: 18    XL:     5   Next: 42%
Magic:  9/9        EV: 14    Int: 11    God:
Gold:   273        SH:  1    Dex: 10    Spells: 2/10 levels left
                                        Lives:  1   Deaths: 1

rFire    . . .     SeeInvis .   a - +0 long sword
rCold    + . .     Gourm    .   (no shield)
rNeg     + + +     Faith    .   u - +0 ring mail
rPois    ∞         Spirit   +   (no helmet)
rElec    .         Reflect  .   p - +0 cloak
rCorr    .         Harm     .   (no gloves)
MR       .....                  z - +0 pair of boots
Stlth    +.........             (no amulet)
HPRegen  0.10/turn              e - +3 ring of evasion
MPRegen  0.11/turn              (no ring)

@: no status effects
A: no food or potions, cold resistance 1, deterioration 1, negative energy
resistance 3, powered by death 1, torment resistance, unbreathing, magic shield,
sturdy frame 1, spell healing
a: no special abilities


You were on level 4 of the Dungeon.
You were not hungry.

You visited 1 branch of the dungeon, and saw 4 of its levels.

You collected 273 gold pieces.

Inventory:

Hand Weapons
 a - a +0 long sword (weapon)
 j - a +0 mace of draining
 k - a +3 mace
 l - a +2 mace of crushing
 m - a cursed -3 mace
 n - a cursed -2 mace
 o - a +1 mace of holy wrath
 q - a +3 quarterstaff of chaos
 r - a cursed -2 whip
 s - a cursed -2 war axe
Missiles
 h - 124 javelins (quivered)
Armour
 b - a +0 leather armour
 p - a +0 cloak (worn)
 u - a +0 ring mail (worn)
 z - a +0 pair of boots (worn)
Jewellery
 e - a +3 ring of evasion (left hand)
Wands
 x - a wand of iceblast (9)
Scrolls
 c - 4 scrolls of teleportation
 f - a scroll of immolation {unknown}
 g - 2 scrolls of remove curse
 i - 3 scrolls of identify
 t - a scroll of enchant weapon {unknown}
 v - a scroll of blinking {unknown}
 w - a scroll of magic mapping {unknown}
 y - a scroll of enchant armour {unknown}
 A - a scroll of amnesia {unknown}


   Skills:
 - Level 2.0 Fighting
 + Level 8.3 Long Blades
 - Level 1.1 Armour
 - Level 2.0 Dodging
 - Level 3.0 Spellcasting
 - Level 3.2 Charms


You had 2 spell levels left.
You knew the following spells:

 Your Spells              Type           Power        Failure   Level  Hunger
a - Infusion              Chrm           #.......     9%          1    N/A
b - Song of Slaying       Chrm           #.......     14%         2    N/A
c - Swiftness             Chrm/Air       #.......     26%         2    N/A
d - Spectral Weapon       Hex/Chrm       #.......     47%         3    N/A

Your spell library contained the following spells:

 Spells                   Type           Power        Failure   Level  Hunger
 Ozocubu's Armour         Chrm/Ice       #.......     47%         3    N/A
 Regeneration             Chrm/Necr      Unusable     N/A         3    N/A

Dungeon Overview and Level Annotations

Branches:
Dungeon (4/12)
 Temple: D:4-7

Altars:
Kikubaaqudgha
Nemelex Xobeh

Shops:
D:4 *

Portals:
Sewer: D:4


Innate Abilities, Weirdness & Mutations

You do not eat or drink.
You are immune to poison.
Your flesh is cold resistant. (rC+)
Your body sometimes deteriorates upon taking damage.
You are immune to negative energy. (rN+++)
You regenerate a little health from kills.
You are immune to unholy pain and torment.
You can survive without breathing.
When hurt, damage is shared between your health and your magic reserves.
Your movements are slightly less encumbered by armour. (ER -2)
Casting spells heals you.


Message History

Casting: Infusion (safe; 9% risk of failure)
Confirm with . or Enter, or press ? or * to list all spells.
Okay, then.
As you read the scroll of fear, it crumbles to dust.
You assume a fearsome visage.
The adder looks frightened!
The worm looks frightened!
The adder looks frightened!
The orc wizard looks frightened!
The adder bites you.
* * * LOW HITPOINT WARNING * * *
The orc wizard gestures wildly while chanting.
The orc wizard blinks!
As you read the scroll labeled YNNIWK DAON, it crumbles to dust.
You feel blessed for a moment.
It was a scroll of remove curse.
The adder bites you.
You die...
The orc wizard casts a spell.
The orc wizard blinks!
The adder bites you but does no damage.
Xom reaches out...
You are now level 5!
You rejoin the land of the living...
Are you sure you want to abandon this character and quit the game? (Confirm with "yes".)

### #..#
###...#.#
##.......#
. #..@..#
..#
#......#
..
#.$....# #
##..?..#
####
........
#∩#≈
##....##..
#≈#S
#.....
...#≈#≈##
##.....
#.#w#≈≈#
#≈##≈#


There were no monsters in sight!

Vanquished Creatures
  A centaur (D:3)
  A hound (D:4)
  Crazy Yiuf (D:2)
  An orc priest (D:3)
  2 worker ants (D:3)
  A gnoll (D:3)
  3 adders
  An ooze (D:1)
  6 worms
  3 dart slugs
  3 leopard geckos
  9 orcs
  4 bats
  4 giant cockroaches
  4 goblins
  11 hobgoblins
  3 jackals (D:3)
  2 quokkas (D:1)
  2 ball pythons
  5 frilled lizards
  7 kobolds
  A quokka skeleton (D:4)
  7 rats
82 creatures vanquished.

Notes
Turn   | Place    | Note
-------+----------+-------------------------------------------
     0 | D:1      | Leeroy the Skeleton Skald began the quest for the Orb.
     0 | D:1      | Reached XP level 1. HP: 12/12 MP: 4/4
   308 | D:1      | Reached skill level 3 in Long Blades
   339 | D:1      | Reached XP level 2. HP: 15/17 MP: 4/6
   743 | D:1      | Reached skill level 4 in Long Blades
   931 | D:2      | Reached XP level 3. HP: 19/21 MP: 5/7
   995 | D:2      | Found a runed door.
   999 | D:2      | Noticed Crazy Yiuf
  1008 | D:2      | Killed Crazy Yiuf
  1009 | D:2      | Reached skill level 5 in Long Blades
  1236 | D:2      | Reached XP level 4. HP: 24/26 MP: 6/8
  1293 | D:2      | Found a sparkling altar of Nemelex Xobeh.
  1598 | D:2      | Found an ancient bone altar of Kikubaaqudgha.
  2076 | D:3      | Reached skill level 6 in Long Blades
  2205 | D:3      | Noticed a centaur
  2216 | D:3      | Killed a centaur
  2217 | D:3      | Reached skill level 7 in Long Blades
  2217 | D:3      | Reached XP level 5. HP: 13/30 MP: 3/9
  2304 | D:3      | Learned a level 2 spell: Song of Slaying
  2307 | D:3      | Learned a level 2 spell: Swiftness
  2311 | D:3      | Learned a level 3 spell: Spectral Weapon
  2426 | D:3      | Gained mutation: You regenerate a little health from kills.
                  | [Skeleton growth]
  2426 | D:3      | Reached XP level 6. HP: 21/35 MP: 8/10
  2495 | D:3      | Found a faded altar of an unknown god.
  2769 | D:3      | Reached skill level 8 in Long Blades
  2946 | D:4      | Found Ydoweevick's General Store.
  3093 | D:4      | Found a glowing drain.
  3097 | D:4      | HP: 1/35 [adder (1)]
  3098 | D:4      | Slain by an adder
  3099 | D:4      | Reached XP level 5. HP: -3/30 MP: 0/9
  3099 | D:4      | Quit the game

Skill      XL: |  1  2  3  4  5  6 |
---------------+-------------------+-----
Long Blades    | 3 4 5 7 8 |  8.3
Fighting       | |  2.0
Armour         | |  1.1
Dodging        | |  2.0
Spellcasting   | |  3.0
Charms         | |  3.2

Action                   |  1- 3 |  4- 6 || total
-------------------------+-------+-------++-------
Melee: Long sword        |    92 |   245 ||   337
 Cast: Infusion          |     1 |       ||     1
  Use: Scroll            |     1 |     3 ||     4
 Stab: Sleeping          |     2 |       ||     2
Armor: Leather armour    |    12 |     2 ||    14
       Ring mail         |       |    72 ||    72
Dodge: Dodged            |    66 |   250 ||   316
Block: Other             |       |    10 ||    10
